 Dungeon Crawl Stone Soup version 0.32-a0-708-g9ec0c11 (webtiles) character file.

Game seed: 497304445606184723

146 Toastz the Grave Robber (level 5, 0/38 HPs)
             Began as a Demonspawn Necromancer on Mar 14, 2024.
             Slain by a gnoll
             ... wielding a +1 flail of holy wrath
              (4 damage)
             ... on level 4 of the Dungeon.
             The game lasted 00:07:45 (2962 turns).

Toastz the Grave Robber (Demonspawn Necromancer)    Turns: 2962, Time: 00:07:45

Health: 0/38       AC:  8    Str:  8    XL:     5   Next: 7%
Magic:  3/9        EV: 11    Int: 18    God:
Gold:   135        SH:  0    Dex: 13    Spells: 1/9 levels left

rFire   . . .        b - +1 flail (protect)
rCold   . . .        (no shield)
rNeg    . . .        q - +0 robe
rPois   .            (no helmet)
rElec   .            (no cloak)
rCorr   .            (no gloves)
SInv    .            (no boots)
Will    .....        n - amulet of magic regeneration
Stlth   ++           (no ring)
HPRegen 0.26/turn    (no ring)
MPRegen 0.51/turn

%: no passive effects
@: sanguine armoured, animating dead
A: sanguine armour 1, demonic magic 1
a: no special abilities


You were on level 4 of the Dungeon.
You visited 1 branch of the dungeon, and saw 4 of its levels.

You collected 135 gold pieces.

Inventory:

Hand Weapons
 a - a +0 sling
 b - a +1 flail of protection (weapon)
Missiles
 i - 12 poisoned darts
 k - 5 curare-tipped darts
Armour
 q - a +0 robe (worn)
Jewellery
 g - an amulet of faith
 n - an amulet of magic regeneration (around neck)
Wands
 m - a wand of polymorph (8)
Scrolls
 e - 2 scrolls of noise {unknown}
 h - 5 scrolls of identify {unknown}
 j - a scroll of enchant weapon {unknown}
 o - 2 scrolls of teleportation {unknown}
 p - a scroll of immolation
Potions
 c - 2 potions of might {unknown}
 d - a potion of lignification {unknown}
 f - 3 potions of curing {unknown}
 l - a potion of ambrosia {unknown}
 r - a potion of heal wounds {unknown}


   Skills:
 + Level 1.9 Fighting
 + Level 2.6 Dodging
 - Level 1.7 Stealth
 + Level 2.8 Spellcasting
 * Level 5.5 Necromancy


You had one spell level left.
You knew the following spells:

 Your Spells              Type           Power      Damage    Failure   Level
a - Necrotise             Necr           88%        1d8       1%          1
b - Vampiric Draining     Necr           22%        2d7       4%          3
c - Animate Dead          Necr           22%        N/A       17%         4

Your spell library contained the following spells:

 Spells                   Type           Power      Damage    Failure   Level
 Blink                    Tloc           4%         N/A       26%         2
 Lesser Beckoning         Tloc           4%         N/A       26%         2
 Momentum Strike          Conj/Tloc      4%         3d8       26%         2
 Curse of Agony           Necr           22%        N/A       43%         5


Dungeon Overview and Level Annotations

Branches:
Dungeon (4/15)
 Temple: D:4-7

Altars:
Nemelex Xobeh
Okawaru
Ru

Shops:
D:3 (


Innate Abilities, Weirdness & Mutations

When seriously injured, your blood forms armour. (AC +6)
Spells you cast may paralyse adjacent enemies.


Message History

Aiming: Necrotise (safe; 1% risk of failure)
Press: ? - help, Shift-Dir - straight line, f/p - gnoll
Aim: a gnoll, wielding a +0 spear (heavily wounded, ally target, chance to affect: 86%)
The gnoll writhes in agony.
Malevolent energies surge around you. The gnoll closely misses you.
Casting: Necrotise (safe; 1% risk of failure)
Confirm with . or Enter, or press ? or * to list all spells.
Aiming: Necrotise (safe; 1% risk of failure)
Press: ? - help, Shift-Dir - straight line, f/p - gnoll
Aim: a gnoll, wielding a +0 spear (severely wounded, ally target, chance to affect: 86%)
The gnoll writhes in agony.
You kill the gnoll!
Malevolent energies surge around you.
The dead are walking!
The gnoll completely misses you.
Your dart slug zombie bites the gnoll but does no damage.
You have reached level 5!
You barely miss the gnoll. The gnoll closely misses you.
The gnoll hits your gnoll zombie with a +1 flail of holy wrath!
Your gnoll zombie convulses!
Your gnoll zombie is destroyed!
The gnoll barely misses you.
Casting: Necrotise (safe; 1% risk of failure)
Confirm with . or Enter, or press ? or * to list all spells.
Aiming: Necrotise (safe; 1% risk of failure)
Press: ? - help, Shift-Dir - straight line, f - gnoll
Aim: a gnoll, wielding a +1 flail of holy wrath (chance to affect: 86%)
The gnoll writhes in agony.
Malevolent energies surge around you.
The gnoll suddenly stops moving!
Your dart slug zombie bites the gnoll.
The gnoll hits you with a +1 flail of holy wrath!
Your blood congeals into armour.
You convulse!
* * * LOW HITPOINT WARNING * * *
Casting: Necrotise (safe; 1% risk of failure)
Confirm with . or Enter, or press ? or * to list all spells.
Aiming: Vampiric Draining (dangerous; 4% risk of failure)
Press: ? - help, Shift-Dir - straight line, f/p - gnoll
Aim: a gnoll, wielding a +1 flail of holy wrath (lightly wounded)
You draw life force from the gnoll.
You feel life coursing into your body. Malevolent energies surge around you.
The gnoll hits you with a +1 flail of holy wrath.
You die...

#.....# #.....# #.....# .
#.....# .. #.....#
...#######.....#
.........).....#
./......g......#
.......@gZ.....#
..........)....#
...............#
#.>...............#
#.[...............#
#.................# .
#+###.............>...#
.##...#.................#
......#.................#


You could see 2 gnolls and a friendly dart slug zombie.

Vanquished Creatures
  A gnoll (D:4)
  6 adders
  3 dart slugs
  5 ribbon worms (D:2)
  An orc (D:3)
  2 endoplasms
  3 giant cockroaches
  4 goblins
  5 hobgoblins
  8 jackals
  3 kobolds
  3 quokkas
  2 ball pythons
  8 bats
  2 frilled lizards
  4 rats
60 creatures vanquished.

Vanquished Creatures (collateral kills)
  A ribbon worm (D:2)
  A jackal (D:1)
2 creatures vanquished.

Vanquished Creatures (others)
  A gnoll zombie (D:4)
1 creature vanquished.

Grand Total: 63 creatures vanquished

Notes
Turn   | Place    | Note
-------+----------+-------------------------------------------
     0 | D:1      | Toastz the Demonspawn Necromancer began the quest for the
                  | Orb.
     0 | D:1      | Reached XP level 1. HP: 13/13 MP: 3/3
   362 | D:1      | Gained mutation: When seriously injured, your blood forms
                  | armour. (AC +6) [demonic ancestry]
   362 | D:1      | Reached XP level 2. HP: 16/20 MP: 1/5
  1166 | D:2      | Reached skill level 1 in Fighting
  1166 | D:2      | Reached XP level 3. HP: 6/26 MP: 2/6
  1463 | D:2      | Reached skill level 5 in Necromancy
  1474 | D:2      | Learned a level 3 spell: Vampiric Draining
  1877 | D:2      | Gained mutation: Spells you cast may paralyse adjacent
                  | enemies. [demonic ancestry]
  1877 | D:2      | Reached XP level 4. HP: 30/32 MP: 4/7
  2147 | D:3      | Found a faded altar of an unknown god.
  2200 | D:3      | Found Saut's Weapon Shop.
  2305 | D:3      | Learned a level 4 spell: Animate Dead
  2360 | D:3      | Found an iron altar of Okawaru.
  2852 | D:4      | Found a sacrificial altar of Ru.
  2915 | D:4      | Found a sparkling altar of Nemelex Xobeh.
  2960 | D:4      | Reached XP level 5. HP: 31/38 MP: 6/9
  2962 | D:4      | Slain by a gnoll

Illustrated notes

Levels and vault maps discovered:
D:1:      eino_arrival_druids_welcome, layout_loops_cross,
          minmay_misc_feat_rugged
D:2:      layout_loops_cross, basic_altar
D:3:      layout_basic, okawaru_gym_becter, hellmonk_ecumenical_altar_blasted,
          serial_shops, nicolae_shop_bloodbath_and_beyond
D:4:      layout_gridville, mainiacjoe_overflow_chevrons,
          eat_drink_and_be_merry_uskayaw, nicolae_ru_awakened_eye,
          gammafunk_temple_overflow_claw, mainiacjoe_overflow_big_doors,
          ebering_ghost_inner_flame, minmay_parallelograms, item_on_display_a

Skill      XL: |  1  2  3 |
---------------+----------+-----
Dodging        | 2 |  2.6
Fighting       | 1 |  1.9
Necromancy     | 5 |  5.5
Stealth        | |  1.7
Spellcasting   | |  2.8

Action                     |  1- 3 |  4- 6 || total
---------------------------+-------+-------++-------
  Melee: Dagger            |    28 |    12 ||    40
         Unarmed           |     4 |       ||     4
         Flail             |       |    20 ||    20
   Fire: Sling             |       |     8 ||     8
  Throw: Dart              |     7 |     1 ||     8
   Cast: Necrotise         |    93 |    28 ||   121
         Vampiric Draining |     3 |     2 ||     5
         Animate Dead      |       |     1 ||     1
    Use: Potion            |     1 |       ||     1
   Stab: Distracted        |     1 |       ||     1
         Paralysed         |       |     2 ||     2
 Armour: Robe              |    69 |    31 ||   100
  Dodge: Dodged            |    53 |    29 ||    82

Table legend: (Time is in decaauts)
 A = Elapsed time spent in this place.
 B = Non-inter-level travel time spent in this place.
 C = Inter-level travel time spent in this place.
 D = Time resting spent in this place.
 E = Time spent auto-exploring this place.
 F = Levels seen in this place.
 G = Mean time per level.
                   A        B        C        D        E       F      G
               +--------+--------+--------+--------+--------+-----+--------+
         Total |   2971 |   2841 |    130 |    177 |   2100 |   4 |  742.8 |
       Dungeon |   2971 |   2841 |    130 |    177 |   2100 |   4 |  742.8 |
               +--------+--------+--------+--------+--------+-----+--------+

Top non-repeatable levels by time:
     D:2: 1218 daAuts
     D:1: 883 daAuts
     D:3: 669 daAuts
     D:4: 199 daAuts
